 Dungeon Crawl Stone Soup version 0.30-a0-168-g0b976cbdc4 (webtiles) character file.

Game seed: 15056427269362254454

105 qw the Chopper (level 4, -1/28 HPs)
             Began as a Gargoyle Fighter on Sept 29, 2022.
             Killed by an exploding butterfly (29 damage)
             ... ignited by their inner flame
             ... on level 2 of the Dungeon.
             The game lasted 00:00:40 (1737 turns).

qw the Chopper (Gargoyle Fighter)                   Turns: 1737, Time: 00:00:40

Health: -1/28      AC: 13    Str: 22    XL:     4   Next: 81%
Magic:  4/4        EV:  9    Int:  8    God:
Gold:   84         SH:  4    Dex:  9    Spells: 3/3 levels left

rFire   . . .      SeeInvis .    Y - +0 war axe
rCold   . . .      Faith    .    c - +0 buckler
rNeg    + . .      Spirit   .    b - +0 scale mail
rPois   inf        Reflect  .    l - +2 hat
rElec   +          Harm     .    (no cloak)
rCorr   .          Rampage  .    (no gloves)
Will    .....                    (no boots)
Stlth   ..........               (no amulet)
HPRegen 0.09/turn                e - ring of willpower
MPRegen 0.09/turn                (no ring)

@: weak-willed
A: sickness immunity, AC +3, negative energy resistance 1, electricity
resistance, torment resistance 1, petrification resistance, shaggy fur 1,
MP-powered wands
a: no special abilities


You were on level 2 of the Dungeon.
You visited 1 branch of the dungeon, and saw 2 of its levels.

You collected 84 gold pieces.


Innate Abilities, Weirdness & Mutations

You are immune to sickness and miasma.
Your stone body is resilient. (AC +3)
You are immune to poison.
You resist negative energy. (rN+)
You are resistant to electric shocks. (rElec)
You are resistant to unholy torment.
You are immune to petrification.
You are covered in fur. (AC +1)
You expend magic power (3 MP) to strengthen your wands.


   Skills:
 - Level 3.2 Fighting
 + Level 4.2 Axes
 - Level 1.0 Throwing
 - Level 3.2 Armour
 - Level 3.2 Shields


You had 3 spell levels left.
You didn't know any spells.
Your spell library was empty.

Inventory:

Hand Weapons
 j - a +0 whip
 Y - a +0 war axe (weapon)
Missiles
 q - 3 javelins (quivered)
Armour
 b - a +0 scale mail (worn)
 c - a +0 buckler (worn)
 l - a +2 hat (worn)
Jewellery
 e - a ring of willpower (left hand)
Scrolls
 f - a scroll of enchant armour
Potions
 d - a potion of might
 g - a potion of haste {unknown}
 h - a potion of degeneration {unknown}
 i - a potion of mutation
 k - a potion of curing {unknown}
 m - a potion of lignification {unknown}
 o - 2 potions of cancellation {unknown}
 p - a potion of heal wounds {unknown}

Dungeon Overview and Level Annotations

Branches:
Dungeon (2/15)

Altars:


Message History

Your butterfly is poisoned.
Your butterfly is engulfed in poison gas.
Your butterfly is poisoned.
Your butterfly disappears in a burst of colours!
Your butterfly explodes!
The fiery explosion engulfs your butterfly!!
Your butterfly disappears in a burst of colours!
Your butterfly explodes!
The fiery explosion engulfs your butterfly!!
Your butterfly disappears in a burst of colours!
The fiery explosion engulfs your butterfly!!
Your butterfly disappears in a burst of colours!
Your butterfly explodes!
The fiery explosion engulfs your butterfly!
Your butterfly disappears in a burst of colours!
The fiery explosion engulfs your butterfly!
Your butterfly disappears in a burst of colours!
The fiery explosion engulfs your butterfly!!
Your butterfly disappears in a burst of colours!
Your butterfly explodes! x3
The fiery explosion engulfs your butterfly!!
Your butterfly disappears in a burst of colours!
The fiery explosion engulfs your butterfly!!
Your butterfly disappears in a burst of colours!
Your butterfly explodes!
The fiery explosion engulfs your butterfly!!
Your butterfly disappears in a burst of colours!
Your butterfly explodes!
The fiery explosion engulfs your butterfly!!
Your butterfly disappears in a burst of colours!
The fiery explosion engulfs your butterfly!
Your butterfly disappears in a burst of colours!
Your butterfly explodes!
The fiery explosion engulfs your butterfly!
Your butterfly disappears in a burst of colours!
The fiery explosion engulfs your butterfly!!
Your butterfly disappears in a burst of colours!
The fiery explosion engulfs you!!
Ouch! That really hurt!
You die...

###....# #######.###
#.. #¤¤¤¤# #...####.P
#¤¤¤¤# ###....'..
#¤¤¤¤# ######..
##¤¤¤##### #..
##.bb...## ###
#b.b##..######
#bbb###.#.¤¤.# ##
#b.¤@¤¤¤¤.¤¤.## ##.
#b¤.¤¤¤¤#b¤¤..#####..
#¤¤¤¤¤¤¤#...........#
####¤¤¤¤#....#>......
#¤¤¤¤#...%####.###
#¤.¤¤####..# #..#.
#¤¤¤¤# ##.###.#.#
###### #..##.###
##.......


There were no monsters in sight!

Vanquished Creatures
  5 adders (D:2)
  3 dart slugs
  2 ball pythons
  5 endoplasms
  2 giant cockroaches (D:2)
  2 goblins (D:1)
  4 hobgoblins
  4 jackals (D:2)
  3 quokkas (D:1)
  4 bats (D:2)
  5 frilled lizards
  8 kobolds
  6 rats
53 creatures vanquished.

Vanquished Creatures (others)
  11 plants (D:2)
  16 withered plants (D:2)
27 creatures vanquished.

Grand Total: 80 creatures vanquished

Notes
Turn   | Place    | Note
-------+----------+-------------------------------------------
     0 | D:1      | qw the Gargoyle Fighter began the quest for the Orb.
     0 | D:1      | Reached XP level 1. HP: 14/14 MP: 1/1
     0 | D:1      | 0 ||| qw: Version: 0.2-a-12-gaebbb33
     0 | D:1      | 0 ||| qw: Game counter: 1166
     0 | D:1      | 0 ||| qw: Always use a shield: true
     0 | D:1      | 0 ||| qw: God list: Okawaru
     0 | D:1      | 0 ||| qw: Allow faded altars: false
     0 | D:1      | 0 ||| qw: Do Orc after D:15 true
     0 | D:1      | 0 ||| qw: Do second Lair branch before Depths: true
     0 | D:1      | 0 ||| qw: Lair rune preference: random
     0 | D:1      | 0 ||| qw: Plans: Normal, Zot:1-4, God:TSO, Crypt, Tomb,
                  | Pan, Slime:5, Hells, Abyss, Orb
     0 | D:1      | 0 ||| PLANNING D:1-11
    27 | D:1      | Reached skill level 2 in Axes
   114 | D:1      | Reached XP level 2. HP: 9/19 MP: 2/2
   624 | D:1      | 624 ||| DROPPING +0 club.
   743 | D:1      | Reached skill level 3 in Axes
   761 | D:1      | Reached XP level 3. HP: 19/23 MP: 3/3
  1024 | D:1      | 1024 ||| UPGRADING to +2 hat.
  1029 | D:1      | 1029 ||| UPGRADING to ring of willpower.
  1030 | D:1      | 1030 ||| READING scroll labelled KUZUBLAMYM.
  1031 | D:1      | 1031 ||| DRINKING 2 fizzy inky potions.
  1031 | D:1      | Gained mutation: You expend magic power (3 MP) to
                  | strengthen your wands. [potion of mutation]
  1031 | D:1      | Gained mutation: You are covered in fur. (AC +1) [potion of
                  | mutation]
  1186 | D:2      | 1186 ||| Stepping ~*~*~tactically~*~*~ (stealth).
  1187 | D:2      | 1187 ||| Stepping ~*~*~tactically~*~*~ (stealth).
  1219 | D:2      | 1219 ||| Stepping ~*~*~tactically~*~*~ (stealth).
  1220 | D:2      | 1220 ||| Stepping ~*~*~tactically~*~*~ (stealth).
  1225 | D:2      | Reached XP level 4. HP: 26/28 MP: 4/4
  1302 | D:2      | Reached skill level 4 in Axes
  1316 | D:2      | 1316 ||| Stepping ~*~*~tactically~*~*~ (stealth).
  1317 | D:2      | 1317 ||| Stepping ~*~*~tactically~*~*~ (stealth).
  1481 | D:2      | Found a faded altar of an unknown god.
  1628 | D:2      | Reached skill level 1 in Throwing
  1732 | D:2      | 1732 ||| READING scroll labelled BOFUEFRINY.
  1733 | D:2      | 1733 ||| READING 2 scrolls labelled NOTZYI JATS.
  1734 | D:2      | 1734 ||| READING scroll labelled LOSMU FUISKIN.
  1735 | D:2      | 1735 ||| READING scroll labelled BICLA NUAGIHUU.
  1736 | D:2      | 1736 ||| READING scroll labelled SIUGES EGUE.
  1737 | D:2      | 1737 ||| READING scroll labelled EHIVVO ZUGEHU.
  1737 | D:2      | Killed by an exploding butterfly... ignited by their inner
                  | flame

Levels and vault maps discovered:
D:1:      wander_arrival_peaceful_grave, layout_loops_ring
D:2:      layout_basic, shapermc_ecumenical_altar_flowoftime,
          minmay_misc_feat_tiny, minmay_split_cup_large

Skill      XL: |  1  2  3  4 |
---------------+-------------+-----
Axes           | 2 3 4 |  4.2
Throwing       | 1 |  1.0
Fighting       | |  3.2
Armour         | |  3.2
Shields        | |  3.2

Action                   |  1- 3 |  4- 6 || total
-------------------------+-------+-------++-------
Melee: War axe           |    95 |    56 ||   151
Throw: Javelin           |       |     9 ||     9
  Use: Scroll            |     1 |     6 ||     7
       Potion            |     1 |       ||     1
Armor: Scale mail        |    51 |    29 ||    80
Dodge: Dodged            |    52 |    23 ||    75
Block: Buckler           |    18 |    10 ||    28

Table legend:
 A = Non-vault XP
 B = Vault XP
 C = Vault XP percentage of total XP
 D = Non-vault monster count
 E = Vault monster count
 F = Vault count percentage of total count
                 A         B        C        D         E       F
            +---------+---------+-------+---------+---------+-------
      Total |     144 |       6 |   4.0 |      49 |       4 |   7.5
            +---------+---------+-------+---------+---------+-------
        D:1 |      40 |       0 |   0.0 |      21 |       0 |   0.0
        D:2 |     104 |       6 |   5.5 |      28 |       4 |  12.5
            +---------+---------+-------+---------+---------+-------
